 Dungeon Crawl Stone Soup version 0.26.0-10-g1f06aea511 (webtiles) character file.

Game seed: 9730475867194586267

134 MisterFreud the Conjurer (level 4, -3/30 HPs)
             Began as a Demonspawn Conjurer on Jan 30, 2021.
             Was an Initiate of Cheibriados.
             Killed from afar by Sigmund (10 damage)
             ... with a puff of flame
             ... on level 3 of the Dungeon.
             The game lasted 00:02:51 (2188 turns).

MisterFreud the Conjurer (Demonspawn Conjurer)      Turns: 2188, Time: 00:02:51

Health: -3/30      AC:  4    Str:  8    XL:     4   Next: 95%
Magic:  2/7        EV: 12    Int: 21    God:    Cheibriados [......]
Gold:   96         SH:  0    Dex: 13    Spells: 6/7 levels left

rFire    . . .     SeeInvis .   j - +0 dagger (venom)
rCold    . . .     Faith    .   (no shield)
rNeg     . . .     Spirit   .   a - +0 robe
rPois    .         Reflect  .   (no helmet)
rElec    .         Harm     .   (no cloak)
rCorr    .         Rampage  .   (no gloves)
Will     .....                  (no boots)
Stlth    +++.......             (no amulet)
HPRegen  0.10/turn              h - ring of stealth
MPRegen  0.10/turn              (no ring)

@: very slow
A: claws 1, icy blue scales 1, miasma immunity
a: Renounce Religion, Bend Time


You were on level 3 of the Dungeon.
You worshipped Cheibriados.
Cheibriados was noncommittal.
You visited 1 branch of the dungeon, and saw 3 of its levels.

You collected 96 gold pieces.

Inventory:

Hand Weapons
 b - a +0 short sword
 j - a +0 dagger of venom (weapon)
Armour
 a - a +0 robe (worn)
Jewellery
 h - a ring of stealth (left claw)
Scrolls
 c - a scroll of fear {unknown}
 d - a scroll of noise {unknown}
 i - a scroll of amnesia {unknown}
Potions
 e - a potion of might {unknown}
 f - a potion of attraction {unknown}
 g - a potion of ambrosia {unknown}


   Skills:
 - Level 1.7 Dodging
 - Level 1.7 Stealth
 - Level 2.0 Spellcasting
 + Level 6.3 Conjurations


You had 6 spell levels left.
You knew the following spells:

 Your Spells              Type           Power        Failure   Level
a - Magic Dart            Conj           100%         1%          1

Your spell library contained the following spells:

 Spells                   Type           Power        Failure   Level
 Searing Ray              Conj           56%          1%          2
 Dazzling Flash           Conj/Hex       30%          12%         3
 Fulminant Prism          Conj/Hex       7%           36%         4
 Iskenderun's Mystic Bla  Conj/Tloc      15%          36%         4


Dungeon Overview and Level Annotations

Branches:
Dungeon (3/15)

Altars:
Cheibriados

Annotations:
D:3 Sigmund


Innate Abilities, Weirdness & Mutations

You have sharp fingernails.
You are partially covered in icy blue scales. (AC +2)
You are immune to miasma.


Message History

Sigmund flickers and vanishes!
Deactivating autopickup; reactivate with Ctrl-A.
Casting: Magic Dart (safe; 1% risk of failure)
Confirm with . or Enter, or press ? or * to list all spells.
You can't see any susceptible monsters within range! (Use Z to cast anyway.) Unknown command.
Casting: Magic Dart (safe; 1% risk of failure)
Confirm with . or Enter, or press ? or * to list all spells.
Aiming: Magic Dart (safe; 1% risk of failure)
Press: ? - help, Shift-Dir - straight line The magic dart hits something.
Something hits you but does no damage.
You closely miss something. Something hits you!
* * * LOW HITPOINT WARNING * * *
You closely miss something. You barely miss something. Something hits you.
* * * LOW HITPOINT WARNING * * *
You hear some strange, mumbled words.
A puff of flame appears from out of thin air!
The puff of flame hits you!
You die...

# .. .#
#.#####..#
#.#.@.{..#
#.#.#......#
#.#.########
#.#.# #.#.#
#...#
########.#
.........#
########.#


There were no monsters in sight!

Vanquished Creatures
  Terence (D:3)
  Natasha (twice) (D:3)
  2 adders (D:2)
  2 worms
  A dart slug (D:2)
  4 leopard geckos
  3 giant cockroaches
  3 goblins
  3 hobgoblins
  A quokka (D:2)
  2 frilled lizards (D:2)
  6 kobolds
  A leopard gecko zombie (D:2)
  3 rats
34 creatures vanquished.

Notes
Turn   | Place    | Note
-------+----------+-------------------------------------------
     0 | D:1      | MisterFreud the Demonspawn Conjurer began the quest for the
                  | Orb.
     0 | D:1      | Reached XP level 1. HP: 13/13 MP: 3/3
   463 | D:1      | Gained mutation: You are immune to miasma. [demonic
                  | ancestry]
   463 | D:1      | Reached XP level 2. HP: 19/19 MP: 0/5
   993 | D:2      | Found a snail-covered altar of Cheibriados.
  1298 | D:2      | Reached skill level 5 in Conjurations
  1334 | D:2      | Gained mutation: You are partially covered in icy blue
                  | scales. (AC +2) [demonic ancestry]
  1334 | D:2      | Reached XP level 3. HP: 24/24 MP: 2/6
  1762 | D:2      | Became a worshipper of Cheibriados the Contemplative
  1863 | D:3      | Noticed Terence
  1875 | D:3      | Killed Terence
  1876 | D:3      | Gained mutation: You have sharp fingernails. [demonic
                  | ancestry]
  1876 | D:3      | Reached XP level 4. HP: 30/30 MP: 0/7
  2071 | D:3      | Noticed Natasha
  2082 | D:3      | Killed Natasha
  2083 | D:3      | Reached skill level 6 in Conjurations
  2107 | D:3      | Noticed Natasha
  2110 | D:3      | Killed Natasha
  2172 | D:3      | Noticed Sigmund
  2188 | D:3      | Killed from afar by Sigmund

Illustrated notes

Levels and vault maps discovered:
D:1:      psy_arrival_fountain, layout_loops_ring, grunt_decor_cap,
          hangedman_glass_teeth
D:2:      layout_basic, kennysheep_slug_shrine
D:3:      layout_basic, chequers_ecumenical_altar_island, uniq_natasha,
          uniq_terence, uniq_sigmund, uniq_grinder

Skill      XL: |  1  2  3  4 |
---------------+-------------+-----
Conjurations   | 5 6 |  6.3
Dodging        | |  1.7
Stealth        | |  1.7
Spellcasting   | |  2.0

Action                   |  1- 3 |  4- 6 || total
-------------------------+-------+-------++-------
Melee: Unarmed           |     1 |       ||     1
       Short sword       |     7 |       ||     7
       Dagger            |       |    11 ||    11
 Cast: Magic Dart        |    64 |    19 ||    83
Armor: Robe              |     3 |     1 ||     4
Dodge: Dodged            |     4 |     3 ||     7
